 Dungeon Crawl Stone Soup version 0.27-a0-637-g3a9f0a9c12 (webtiles) character file.

Game seed: 14658627855736332150

8986 wakim the Tainter (level 11, -7/69 HPs)
             Began as an Octopode Venom Mage on Mar 14, 2021.
             Was a Priest of Makhleb.
             Mangled by a shadow (34 damage)
             ... on level 9 of the Dungeon.
             The game lasted 00:49:23 (13372 turns).

wakim the Tainter (Octopode Venom Mage)            Turns: 13372, Time: 00:49:24

Health: -7/69      AC:  3    Str:  8    XL:     11   Next: 39%
Magic:  18/18      EV: 16    Int: 21    God:    Makhleb [***...]
Gold:   571        SH:  5    Dex: 12    Spells: 9/19 levels left

rFire    . . .     SeeInvis .   a - +2 flail (protect)
rCold    . . .     Faith    .   c - +0 buckler
rNeg     . . .     Spirit   .   d - +2 hat
rPois    .         Reflect  .   (no amulet)
rElec    .         Harm     .   k - ring of wizardry
rCorr    .         Rampage  .   (no ring)
Will     .....                  (no ring)
Stlth    ++++......             (no ring)
HPRegen  0.21/turn              (no ring)
MPRegen  0.16/turn              (no ring)
                                (no ring)
                                (no ring)

@: no status effects
A: almost no armour, amphibious, 8 rings, camouflage 1, gelatinous body 1,
nimble swimmer 1, tentacles
a: Renounce Religion, Minor Destruction, Lesser Servant of Makhleb


You were on level 9 of the Dungeon.
You worshipped Makhleb.
Makhleb was most pleased with you.
You visited 2 branches of the dungeon, and saw 11 of its levels.

You collected 571 gold pieces.

Inventory:

Hand Weapons
 a - a +2 flail of protection (weapon)
Missiles
 h - 3 javelins
 l - 30 boomerangs
Armour
 c - a +0 buckler (worn)
 d - a +2 hat (worn)
Magical Staves
 b - a staff of poison
Jewellery
 k - a ring of wizardry (left tentacle)
 m - a ring of fire
Wands
 i - a wand of iceblast (17)
 j - a wand of polymorph (17)
 p - a wand of paralysis (11)
Scrolls
 E - a scroll of fear
 W - a scroll of holy word
 X - a scroll of magic mapping {@r4}
 Y - 6 scrolls of teleportation {@r3}
 Z - 3 scrolls of identify {@r1}
Potions
 A - a potion of attraction
 H - a potion of haste
 I - 3 potions of invisibility
 J - 6 potions of curing {@q1}
 L - a potion of flight
 N - 2 potions of heal wounds {@q2}
 Q - a potion of magic
 T - 2 potions of berserk rage
Miscellaneous
 w - a phial of floods


   Skills:
 + Level 4.1 Fighting
 * Level 8.6 Dodging
 - Level 6.0 Stealth
 - Level 4.0 Shields
 + Level 4.9 Spellcasting
 - Level 5.0 Transmutations
 - Level 5.0 Fire Magic
 - Level 10.0 Poison Magic
 + Level 7.6 Invocations


You had 9 spell levels left.
You knew the following spells:

 Your Spells              Type           Power      Damage    Failure   Level
a - Sting                 Tmut/Pois      100%       1d8       1%          1
g - Ignite Poison         Fire/Tmut/Pois 33%        N/A       1%          3
s - Poisonous Vapours     Pois/Air       52%        N/A       1%          2
w - Olgreb's Toxic Radia  Pois           47%        N/A       1%          4

Your spell library contained the following spells:

 Spells                   Type           Power      Damage    Failure   Level
 Mephitic Cloud           Conj/Pois/Air  19%        N/A       3%          3
 Animate Skeleton         Necr           10%        N/A       4%          1
 Apportation              Tloc           10%        N/A       4%          1
 Corona                   Hex            5%         N/A       4%          1
 Summon Small Mammal      Summ           20%        N/A       4%          1
 Bolt of Magma            Conj/Fire/Erth 6%         4d6       50%         5
 Iskenderun's Battlesphe  Conj           5%         2d6       73%         5
 Iron Shot                Conj/Erth      2%         9d2       99%         6
 Orb of Destruction       Conj           2%         9d1       100%        7
 Spellforged Servitor     Conj/Summ      2%         N/A       100%        7


Dungeon Overview and Level Annotations

Branches:
Dungeon (10/15)            Temple (1/1) D:5            Lair (0/6) D:8
    Orc: D:9-12

Altars:
Ashenzari
Cheibriados
Gozag
Kikubaaqudgha
Makhleb
Okawaru
Qazlal
Ru
Sif Muna
Uskayaw
Vehumet
Wu Jian
Xom
Yredelemnul
Zin
The Shining One


Innate Abilities, Weirdness & Mutations

You cannot wear most types of armour.
You are amphibious.
You can wear up to eight rings at the same time.
Your skin changes colour to match your surroundings (Stealth+).
Your rubbery body absorbs attacks. (AC +1, EV +1)
You are stealthy while swimming. (Stealth+)
You have tentacles for arms and can constrict up to eight enemies at once.


Message History

The troll is poisoned.
The troll shouts!
The troll is poisoned.
The howler monkey looks even sicker.
An ogre zombie comes into view.
The shadow hits you.
The troll looks even sicker.
Your toxic aura wanes.
The shadow hits you!
An orc zombie comes into view.
The shadow hits you!
* * * LOW HITPOINT WARNING * * *
You climb upwards.
There is a stone staircase leading down here.
A demon appears!
You can no longer hurl Makhleb's greater destruction.
You swap places.
Your smoke demon hits the shadow!
Your smoke demon hits the shadow.
Your smoke demon misses the shadow.
The shadow hits your smoke demon!
Your smoke demon gestures at the shadow.
The shadow hits your smoke demon!
Your smoke demon closely misses the shadow.
Your smoke demon barely misses the shadow. x2
Press: ? - help, Shift-Dir - straight line, f - shadow
Aim: a shadow (heavily damaged, ally target) Really fire in your smoke demon's direction?
Okay, then.
The shadow slips into darkness.
The shadow flickers and vanishes!
Deactivating autopickup; reactivate with Ctrl-A.
The shadow strikes at your smoke demon from the darkness!
Reactivating autopickup.
Your smoke demon closely misses the shadow.
Your smoke demon completely misses the shadow.
The shadow hits your smoke demon!
Your smoke demon dies!
The shadow slips into darkness.
The shadow flickers and vanishes!
Deactivating autopickup; reactivate with Ctrl-A.
The shadow strikes at you from the darkness!
You die...

######### ...(....# #######.# #.#
#.# ######## #.# #.......
#######.##################.......
.......>........@........'.......
..#####.##################.......
..#####.# #.......
..'..##.##################......)
..##.##..........................
...#.##.##################.......
...#.##.# #....... <..#.##.#
#....... ...#.##.# ########


There were no monsters in sight!

Vanquished Creatures
  A centaur warrior (D:9)
  2 two-headed ogres
  2 trolls
  Sigmund (D:2)
  A basilisk (D:9)
  2 wyverns
  Menkaure (D:6)
  Edmund (D:6)
  A water moccasin (D:10)
  5 orc warriors
  2 necrophages
  A black bear (D:9)
  4 sky beasts
  3 wolves (D:8)
  An ogre (D:6)
  2 centaurs (D:6)
  A phantom (D:10)
  A kobold brigand (D:7)
  Blork the orc (D:5)
  9 bullfrogs
  5 scorpions
  18 killer bees
  A wight (D:9)
  3 electric eels (D:8)
  A howler monkey (D:4)
  2 jellies
  A bullfrog zombie (D:7)
  A centaur zombie (D:9)
  3 centaur skeletons
  2 quasits
  10 hounds
  9 orc priests
  A bullfrog skeleton (D:8)
  2 gnoll shamans
  2 iguanas
  12 orc wizards
  6 worker ants
  An ogre zombie (D:10)
  A hound zombie (D:6)
  A hound skeleton (D:4)
  2 worker ant zombies
  10 gnolls
  9 adders
  A shadow imp (D:8)
  4 white imps
  2 ufetubi
  An ooze (D:2)
  An adder zombie (D:5)
  An adder skeleton (D:7)
  6 worms
  4 leopard geckos
  39 orcs
  A ball python (D:3)
  4 giant cockroaches
  11 goblins
  2 hobgoblins (D:1)
  20 jackals
  12 kobolds
  5 quokkas
  6 bats
  8 frilled lizards
  A giant cockroach zombie (D:3)
  A goblin zombie (D:10)
  A hobgoblin skeleton (D:10)
  A hobgoblin zombie (D:10)
  An orc skeleton (D:10)
  3 orc zombies (D:10)
  12 rats
293 creatures vanquished.

Vanquished Creatures (collateral kills)
  A harpy (D:9)
  A phantom (D:10)
2 creatures vanquished.

Vanquished Creatures (others)
  3 withered plants (D:3)
3 creatures vanquished.

Grand Total: 298 creatures vanquished

Notes
Turn   | Place    | Note
-------+----------+-------------------------------------------
     0 | D:1      | wakim the Octopode Venom Mage began the quest for the Orb.
     0 | D:1      | Reached XP level 1. HP: 11/11 MP: 3/3
   272 | D:1      | Reached skill level 4 in Poison Magic
   272 | D:1      | Reached XP level 2. HP: 17/17 MP: 0/5
   275 | D:1      | Learned a level 2 spell: Poisonous Vapours
  1130 | D:1      | Reached XP level 3. HP: 21/21 MP: 3/6
  1465 | D:2      | Found an iron altar of Okawaru.
  1714 | D:2      | Noticed a sky beast
  1743 | D:2      | Killed a sky beast
  1744 | D:2      | Reached skill level 5 in Poison Magic
  1744 | D:2      | Reached XP level 4. HP: 20/27 MP: 1/8
  1744 | D:2      | Reached XP level 5. HP: 23/31 MP: 1/9
  1849 | D:2      | Learned a level 4 spell: Olgreb's Toxic Radiance
  2128 | D:2      | Noticed Sigmund
  2367 | D:1      | Learned a level 3 spell: Ignite Poison
  2796 | D:2      | Killed Sigmund
  2797 | D:2      | Reached skill level 1 in Fire Magic
  2797 | D:2      | Reached skill level 6 in Poison Magic
  2797 | D:2      | Reached XP level 6. HP: 36/36 MP: 2/10
  2886 | D:2      | Found a radiant altar of Vehumet.
  3809 | D:3      | Reached skill level 1 in Shields
  3809 | D:3      | Reached skill level 7 in Poison Magic
  3809 | D:3      | Reached XP level 7. HP: 34/41 MP: 3/11
  5456 | D:4      | Found a glowing golden altar of the Shining One.
  5461 | D:4      | Found a broken altar of Ashenzari.
  5461 | D:4      | Found an ancient bone altar of Kikubaaqudgha.
  5472 | D:4      | Found a hide-covered altar of Uskayaw.
  5475 | D:4      | Found a sacrificial altar of Ru.
  5799 | D:5      | Entered Level 5 of the Dungeon
  5799 | D:5      | Found a staircase to the Ecumenical Temple.
  5813 | Temple   | Entered the Ecumenical Temple
  5864 | Temple   | Became a worshipper of Makhleb the Destroyer
  5921 | D:5      | Reached skill level 8 in Poison Magic
  5966 | D:5      | Reached XP level 8. HP: 46/46 MP: 12/12
  6785 | D:5      | Noticed Blork the orc
  6789 | D:5      | Killed Blork the orc
  6790 | D:5      | Reached skill level 1 in Invocations
  7263 | D:6      | Reached skill level 5 in Stealth
  7573 | D:6      | Reached * piety under Makhleb
  7670 | D:6      | Noticed Edmund
  7730 | D:6      | Killed Edmund
  7731 | D:6      | Reached XP level 9. HP: 50/51 MP: 2/13
  8003 | D:6      | Noticed Menkaure
  8024 | D:6      | HP: 2/51 [Menkaure (9)]
  8026 | D:6      | Killed Menkaure
  8027 | D:6      | Reached skill level 5 in Invocations
  9071 | D:7      | Reached skill level 5 in Dodging
  9488 | D:7      | Reached ** piety under Makhleb
  9981 | D:8      | Reached skill level 9 in Poison Magic
 10086 | D:8      | Reached XP level 10. HP: 56/56 MP: 6/14
 10413 | D:8      | Found a staircase to the Lair.
 10420 | D:8      | Reached skill level 10 in Poison Magic
 10506 | D:8      | Reached *** piety under Makhleb
 10507 | D:8      | Reached skill level 5 in Transmutations
 10507 | D:8      | Reached skill level 5 in Fire Magic
 10557 | D:8      | Noticed a two-headed ogre
 10566 | D:8      | Killed a two-headed ogre
 10567 | D:8      | Reached skill level 1 in Fighting
 11279 | D:9      | Noticed a centaur warrior
 11282 | D:9      | Killed a centaur warrior
 11487 | D:9      | Reached XP level 11. HP: 63/66 MP: 12/17
 11599 | D:9      | Noticed a two-headed ogre
 11605 | D:9      | Killed a two-headed ogre
 12088 | D:9      | Noticed a harpy
 12095 | D:9      | Killed a harpy
 12818 | D:10     | Entered Level 10 of the Dungeon
 12962 | D:10     | Reached **** piety under Makhleb
 13372 | D:9      | Mangled by a shadow

Illustrated notes

Levels and vault maps discovered:
D:1:      psy_arrival_conway, layout_loops_ring
D:2:      layout_loops_ring, nicolae_vehumet_altar_sigil,
          kennysheep_okawaru_gauntlet, uniq_sigmund
D:3:      kennysheep_six_static_rooms, layout_basic, serial_undead,
          serial_undead_e, serial_undead_c, serial_undead_f, serial_undead_f,
          fountainhead
D:4:      layout_rooms, minmay_overflow_temple_star_hex, cheibrodos_gnoll_hut
D:5:      layout_basic, minmay_temple_entry_gardened_gates, uniq_blork_the_orc
D:6:      layout_basic, chequers_serial_rivers_large_a, uniq_edmund,
          uniq_menkaure
D:7:      layout_basic
D:8:      layout_cave_pools, erik_lair_island, serial_rivers,
          chequers_serial_rivers_micro_d, chequers_serial_rivers_room_a,
          chequers_serial_rivers_micro_d, chequers_serial_rivers_marsh,
          chequers_serial_rivers_micro_d, serial_bayou_pond_d, minmay_holes
D:9:      layout_basic, minmay_evil_grid
D:10:     layout_cave_pools, zombieorc2_lemuel, statue_in_the_mist_lemuel
Temple:   eino_temple_scatter_basement

Skill      XL: |  1  2  3  4  5  6  7  8  9 10 11 |
---------------+----------------------------------+-----
Stealth        | 3 4 5 6 |  6.0
Poison Magic   | 4 5 6 7 8 9 10 | 10.0
Spellcasting   | 3 4 |  4.9
Transmutations | 2 3 4 5 |  5.0
Fire Magic     | 1 2 3 4 5 |  5.0
Shields        | 1 3 4 |  4.0
Invocations    | 4 6 7 |  7.6
Dodging        | 3 6 7 8 |  8.6
Fighting       | 3 4 |  4.1

Action                   |  1- 3 |  4- 6 |  7- 9 | 10-12 || total
-------------------------+-------+-------+-------+-------++-------
Melee: Unarmed           |    14 |       |       |       ||    14
       Constrict         |     4 |    12 |    38 |    24 ||    78
       Tentacles         |     2 |     8 |    24 |    27 ||    61
       Whip              |     6 |    19 |       |       ||    25
       Mace              |       |     3 |       |       ||     3
       Long sword        |       |    18 |     4 |       ||    22
       Short sword       |       |       |    31 |       ||    31
       Flail             |       |       |   131 |   117 ||   248
       Staff             |       |       |       |    17 ||    17
 Cast: Sting             |     4 |       |       |       ||     4
       Poisonous Vapours |    28 |    20 |    29 |     2 ||    79
       Olgreb's Toxic Ra |       |     8 |    30 |    28 ||    66
       Ignite Poison     |       |     4 |    23 |    19 ||    46
Invok: Minor Destruction |       |       |       |    15 ||    15
       Lesser Servant of |       |       |       |     4 ||     4
  Use: Scroll            |       |     4 |    11 |     3 ||    18
       Potion            |       |       |     2 |     1 ||     3
 Stab: Sleeping          |       |     1 |    10 |     4 ||    15
       Distracted        |       |       |     1 |       ||     1
Armor: Skin              |     8 |     2 |    47 |    32 ||    89
Dodge: Dodged            |    28 |    34 |   138 |   116 ||   316
Block: Buckler           |       |     2 |    45 |    54 ||   101
       Rpst.: Long sword |       |     6 |     1 |       ||     7

Table legend: (Time is in decaauts)
 A = Elapsed time spent in this place.
 B = Non-inter-level travel time spent in this place.
 C = Inter-level travel time spent in this place.
 D = Time resting spent in this place.
 E = Time spent auto-exploring this place.
 F = Levels seen in this place.
 G = Mean time per level.
                   A        B        C        D        E       F      G
               +--------+--------+--------+--------+--------+-----+--------+
         Total |  13497 |  13087 |    410 |     62 |  10393 |  11 | 1227.0 |
       Dungeon |  13403 |  13018 |    385 |     62 |  10330 |  10 | 1340.3 |
        Temple |     94 |     69 |     25 |      0 |     63 |   1 |   94.0 |
               +--------+--------+--------+--------+--------+-----+--------+

Top non-repeatable levels by time:
     D:9: 1776 daAuts
     D:1: 1770 daAuts
     D:3: 1541 daAuts
     D:6: 1533 daAuts
     D:8: 1448 daAuts
     D:2: 1433 daAuts
     D:5: 1344 daAuts
     D:7: 1128 daAuts
     D:4: 1078 daAuts
    D:10: 349 daAuts
  Temple: 94 daAuts
